 Dungeon Crawl Stone Soup version 0.20-a0-947-g2784f4f (webtiles) character file.

197124 valenzione the Bludgeoner (level 17, -11/195 HPs)
             Began as a Minotaur Fighter on Apr 3, 2017.
             Was the Champion of Makhleb.
             Mangled by a green death (14 damage)
             ... summoned by the player character
             ... on level 3 of the Swamp.
             The game lasted 01:19:38 (28598 turns).

valenzione the Bludgeoner (Minotaur Fighter)       Turns: 28598, Time: 01:19:38

Health: -11/195    AC: 14    Str: 37    XL:     17   Next: 76%
Magic:  16/16      EV: 12    Int:  5    God:    Makhleb [******]
Gold:   1319       SH: 20    Dex: 17    Spells: 16/16 levels left

rFire    . . .     SeeInvis .   D - +3 flail of the Seer {flame, rPois Int-3 Dex+7}
rCold    . . .     Gourm    .   c - +1 shield
rNeg     . . .     Faith    .   O - +0 swamp dragon scales
rPois    +         Spirit   .   (helmet unavailable)
rElec    .         Reflect  +   r - +0 cloak
rCorr    .         Harm     .   (no gloves)
MR       +....                  t - +0 pair of boots
Stlth    +.........             w - +2 amulet of reflection
Regen    0.5/turn               y - ring of Yschoozoa {Str+4 Int+3 Stlth-}
MPRegen  0.2/turn               P - ring of poison resistance

@: mighty, grasped by roots, very slightly contaminated, drained, very slow
A: retaliatory headbutt, horns 3, robust 2
}: 1/15 runes: serpentine
a: Minor Destruction, Lesser Servant of Makhleb, Major Destruction, Greater
Servant of Makhleb, Renounce Religion


You were on level 3 of the Swamp.
You worshipped Makhleb.
Makhleb was exalted by your worship.
You were not hungry.

You visited 5 branches of the dungeon, and saw 27 of its levels.
You also visited: Ossuary.

You collected 1966 gold pieces.
You spent 647 gold pieces at shops.

Inventory:

Hand Weapons
 D - the +3 flail of the Seer (weapon) {flame, rPois Int-3 Dex+7}
   (You found it on level 5 of the Dungeon)

   It has been specially enchanted to burn those struck by it, causing extra
   injury to most foes and up to half again as much damage against particularly
   susceptible opponents.
   It affects your intelligence (-3).
   It affects your dexterity (+7).
   It protects you from poison.
 L - a +5 long sword
Armour
 c - a +1 shield (worn)
 f - the +1 chain mail "Rimuff Geebu" {rElec rC+ rN+}
   (You found it on level 4 of the Dungeon)

   It protects you from cold.
   It insulates you from electricity.
   It protects you from negative energy.
 r - a +0 cloak (worn)
 t - a +0 pair of boots (worn)
 G - a +2 scale mail of fire resistance
 O - +0 swamp dragon scales (worn)
 U - +0 ice dragon scales
Jewellery
 v - an uncursed ring of protection from cold
 w - a +2 amulet of reflection (around neck)
 y - the ring of Yschoozoa (left hand) {Str+4 Int+3 Stlth-}
   (You found it on level 6 of the Lair of Beasts)

   [ring of loudness]

   It affects your strength (+4).
   It affects your intelligence (+3).
   It makes you less stealthy.
 E - an uncursed ring of positive energy
 P - a ring of poison resistance (right hand)
 Q - an uncursed ring of ice
 X - an uncursed amulet of guardian spirit
Wands
 a - a wand of iceblast (7/15)
 b - a wand of acid (4/15)
 d - a wand of paralysis (9/24)
 B - a wand of scattershot (5/9)
 C - a wand of lightning (2/15)
 F - a wand of confusion (20/48)
 I - a wand of clouds (6/9)
Scrolls
 h - 11 scrolls of remove curse
 j - a scroll of holy word
 n - a scroll of magic mapping
 o - 4 scrolls of immolation
 s - 5 scrolls of recharging
 u - 7 scrolls of teleportation
 K - 2 scrolls of enchant armour
 M - a scroll of silence
 S - 2 scrolls of enchant weapon
 T - 2 scrolls of amnesia
 W - a scroll of summoning
 Y - 2 scrolls of identify
 Z - 2 scrolls of fear
Potions
 e - 6 potions of curing
 k - 2 potions of flight
 m - a potion of magic
 p - 2 potions of agility
 q - a potion of ambrosia
 A - 6 potions of brilliance
 H - 7 potions of haste
 J - 3 potions of cancellation
 R - a potion of might
Miscellaneous
 V - a fan of gales
Comestibles
 g - 7 meat rations
 l - 15 royal jellies
 x - 12 bread rations
 z - 3 fruits


   Skills:
 * Level 17.7(17.3) Fighting
 - Level 7.9(7.6) Long Blades
 * Level 19.3(18.8) Maces & Flails
 + Level 14.1(13.7) Armour
 + Level 9.8(9.5) Dodging
 + Level 3.3(3.0) Stealth
 + Level 19.0(18.5) Shields
 + Level 1.0(0.7) Invocations
 + Level 0.3(0.0) Evocations


You had 16 spell levels left.
You didn't know any spells.

Dungeon Overview and Level Annotations

Branches:
Dungeon (13/15)            Temple (1/1) D:4            Lair (6/6) D:11
  Swamp (3/4) Lair:4        Snake (4/4) Lair:2        Slime (0/5) Lair:6
    Orc (0/2) D:10         Vaults (0/5) D:13

Altars:
Ashenzari
Cheibriados
Dithmenos
Gozag
Kikubaaqudgha
Makhleb
Nemelex Xobeh
Okawaru
Qazlal
Sif Muna
Uskayaw
Vehumet
Wu Jian
Yredelemnul
Zin
The Shining One
Jiyva

Shops:
D:5 =   D:7 !   D:10 (   D:11 =   D:13 =(:?!*

Annotations:
Swamp:3 Donald


Innate Abilities, Weirdness & Mutations

You reflexively headbutt those who attack you in melee.
You have a pair of large horns on your head.
You are very robust. (+20% HP)


Message History

The shambling mangrove is unaffected.
The bog body is unaffected.
The green death is unaffected.
The slime creature resists with some effort.
The slime creature looks frightened!
The slime creature quivers.
The insubstantial wisp is unaffected. x4
The slime creature quivers.
You block the green death's attack.
The shambling mangrove barely misses you.
You furiously retaliate!
You headbutt the shambling mangrove!
The slime creature moves out of view.
You barely miss the green death. Your headbutt misses the green death.
The green death gestures at you. The bolt of poison hits you! You resist.
* * * LOW HITPOINT WARNING * * *
The shambling mangrove hits you!
* * * LOW HITPOINT WARNING * * *
Your unstable footing causes you to fumble your attack.
The green death hits you!
You die...

.♣ ... ...≈♣♣♣♣♣♣
.♣...≈≈≈. ....J.≈§♣♣♣♣
≈ ♣≈≈@2@n♣♣ ..
♣♣♣♣fvv≈♣♣♣♣ ≈.≈♣≈
♣♣♣♣vv.?%≈♣♣♣♣=..♣.
§...≈n....≈≈≈.≈≈≈.≈.
..≈≈..≈≈≈.♣...≈≈≈≈≈≈.♣.
≈v..≈≈v..♣♣♣y..≈≈≈≈...§
...≈≈≈.≈≈≈♣≈≈≈≈≈≈≈≈....
♣≈.)..≈≈≈♣≈≈≈≈..≈≈.♣♣.
♣♣.≈≈.....♣♣.≈.....♣♣≈.


You could see a shambling mangrove, Donald, a green death, a slime creature, 2
bog bodies, a vampire mosquito (wandering) and 4 insubstantial wisps.

Vanquished Creatures
  The ghost of Deemzul the Black Belt, an adept OpFi of Dithmenos (Snake:4)
  2 thorn hunters (Swamp:3)
  8 nagarajas
  A very ugly thing (Swamp:2)
  Snorg (Lair:5)
  8 vault guards (D:13)
  11 hydras
  An ice dragon (Snake:3)
  19 anacondas
  Erolcha (D:13)
  17 naga warriors
  A centaur warrior (D:11)
  An alligator (Swamp:2)
  3 ghost crabs
  The ghost of crossborder the Basher, a journeyman GrBe of Trog (D:10)
  10 death yaks
  7 two-headed ogres
  10 naga sharpshooters
  Urug (Lair:5)
  Sonja (D:13)
  7 shock serpents
  The ghost of Conn321 the Covert, a novice OpWz of Sif Muna (D:9)
  6 salamander mystics
  14 naga ritualists
  A swamp dragon (Swamp:2)
  A shambling mangrove (Swamp:1)
  Pikel (D:5)
  5 lindwurms
  21 mana vipers
  A deep elf mage (D:12)
  8 elephants
  A manticore (D:10)
  5 guardian serpents
  5 salamanders
  8 slime creatures
  45 black mambas
  22 naga magi
  3 centaur zombies
  A torpor snail (Lair:4)
  18 spiny frogs
  The ghost of StormFighter the Spear-Bearer, a novice MfGl (D:5)
  6 komodo dragons
  5 polar bears (Lair:6)
  A queen bee (shapeshifter) (D:13)
  A tyrant leech (Swamp:3)
  A queen bee (D:11)
  3 trolls
  11 hornets
  Grinder (D:3)
  6 bog bodies
  2 polar bears (shapeshifter)
  17 blink frogs
  9 dream sheep
  10 hippogriffs
  A meliai zombie (D:8)
  The ghost of luab the Cudgeler, an amateur GrFi (D:4)
  27 spriggans
  2 shadows (Swamp:2)
  A water elemental (D:12)
  27 yaks
  A basilisk (Lair:6)
  2 hungry ghosts
  3 wyverns
  17 vampire mosquitoes
  8 swamp worms
  36 nagas
  4 wargs (D:10)
  8 insubstantial wisps
  An acid dragon (D:11)
  11 porcupines
  12 water moccasins
  6 orc warriors
  2 ice beasts (D:12)
  3 swamp drakes
  3 sky beasts
  3 phantoms
  11 ogres
  3 black bears
  2 boggarts (Lair:6)
  8 centaurs
  23 wolves
  10 crocodiles
  A big kobold (D:9)
  19 bullfrogs
  A wyvern skeleton (D:9)
  A water moccasin skeleton (D:7)
  5 scorpions
  22 killer bees
  10 wights (D:10)
  An electric eel (D:12)
  3 howler monkeys
  2 crimson imps
  3 bullfrog zombies
  2 hounds
  3 jellies
  2 quasits
  Crazy Yiuf (D:2)
  8 orc priests
  5 orc wizards
  A centaur skeleton (D:8)
  7 iguanas
  A human skeleton (D:2)
  13 worker ants
  A killer bee zombie (D:10)
  A big kobold zombie (Ossuary)
  A hound zombie (D:7)
  2 hound skeletons
  8 mummies (Ossuary)
  A worker ant zombie (D:9)
  4 gnolls (D:9)
  12 adders
  2 river rats (D:12)
  2 shadow imps
  3 oozes
  An adder skeleton (D:6)
  2 worms
  7 leopard geckos
  34 orcs
  A ball python (D:5)
  5 giant cockroaches
  2 gnoll zombies (Ossuary)
  2 goblins
  11 hobgoblins
  2 jackals (D:4)
  2 quokkas
  6 bats
  A frilled lizard (D:4)
  A goblin zombie (D:2)
  A hobgoblin zombie (Ossuary)
  17 kobolds
  2 kobold zombies (Ossuary)
  A leopard gecko skeleton (D:4)
  2 orc zombies (Ossuary)
  4 rats
841 creatures vanquished.

Vanquished Creatures (collateral kills)
  2 naga warriors (Snake:4)
  A death yak (Lair:6)
  A naga sharpshooter (Snake:4)
  A mana viper (Snake:4)
  A black mamba (Snake:4)
  A yak (Lair:6)
  A water moccasin (Lair:4)
8 creatures vanquished.

Vanquished Creatures (others)
  Nessos (Lair:6)
  An alligator (Swamp:3)
  2 naga sharpshooters
  A cyclops (D:13)
  An insubstantial wisp (Swamp:3)
  A slave (D:5)
  A boggart (Lair:6)
  2 centaurs
  A bullfrog (D:13)
  An adder (D:2)
  An orc (D:5)
  A goblin (D:2)
  A ball python (D:2)
  A rat (D:2)
  2 briar patches (Swamp:3)
  4 fungi (Lair:6)
  10 plants
32 creatures vanquished.

Grand Total: 881 creatures vanquished

Notes
Turn   | Place    | Note
-------+----------+-------------------------------------------
     0 | D:1      | valenzione the Minotaur Fighter began the quest for the Orb.
     0 | D:1      | Reached XP level 1. HP: 19/19 MP: 0/0
    85 | D:1      | Found a shattered altar of Ashenzari.
   180 | D:1      | Reached XP level 2. HP: 27/27 MP: 1/1
   515 | D:2      | Found a runed door.
   515 | D:2      | Noticed a human
   519 | D:2      | Found a basalt altar of Yredelemnul.
   530 | D:2      | Reached XP level 3. HP: 28/33 MP: 2/2
   802 | D:2      | Found a runed door.
   838 | D:2      | Noticed Crazy Yiuf
   846 | D:2      | Killed Crazy Yiuf
   846 | D:2      | Reached XP level 4. HP: 7/41 MP: 3/3
  1941 | D:3      | Noticed a centaur
  1947 | D:3      | Killed a centaur
  1947 | D:3      | Reached XP level 5. HP: 21/47 MP: 4/4
  2164 | D:3      | Noticed Grinder
  2185 | D:3      | Killed Grinder
  2185 | D:3      | Reached skill level 5 in Fighting
  2185 | D:3      | Reached skill level 1 in Maces & Flails
  2185 | D:3      | Reached skill level 5 in Armour
  2185 | D:3      | Reached skill level 1 in Dodging
  2185 | D:3      | Reached XP level 6. HP: 6/56 MP: 5/5
  2450 | D:3      | Reached skill level 5 in Long Blades
  3022 | D:4      | Noticed luab's ghost (amateur GrFi)
  3043 | D:4      | Killed luab's ghost
  3043 | D:4      | Reached skill level 5 in Shields
  3043 | D:4      | Reached XP level 7. HP: 13/61 MP: 6/6
  3046 | D:4      | HP: 3/61 [worker ant (6)]
  3051 | D:4      | Found a staircase to the Ecumenical Temple.
  3060 | Temple   | Entered the Ecumenical Temple
  3489 | Temple   | Became a worshipper of Makhleb the Destroyer
  3749 | D:4      | Got a shimmering chain mail
  3760 | D:4      | Identified the cursed +1 chain mail "Rimuff Geebu" {rElec rC+ rN+} (You found it on level 4 of the Dungeon)
  3913 | D:4      | Reached XP level 8. HP: 42/68 MP: 7/7
  4145 | D:4      | Found a hide-covered altar of Uskayaw.
  4451 | D:5      | Entered Level 5 of the Dungeon
  4455 | D:5      | Noticed Pikel
  4465 | D:5      | Killed Pikel
  4465 | D:5      | Reached skill level 1 in Stealth
  4724 | D:5      | Got a transparent flail
  4728 | D:5      | Identified the +3 flail of the Seer {flame, rPois Int-3 Dex+7} (You found it on level 5 of the Dungeon)
  4856 | D:5      | Noticed StormFighter's ghost (novice MfGl)
  4877 | D:5      | Killed StormFighter's ghost
  4879 | D:5      | Reached XP level 9. HP: 52/75 MP: 8/8
  4990 | D:5      | Found Bile Ehupnugh's Jewellery Boutique.
  5153 | D:5      | Reached * piety under Makhleb
  5860 | D:6      | Reached skill level 5 in Maces & Flails
  5899 | D:6      | Found a sparkling altar of Nemelex Xobeh.
  5901 | D:6      | Found a shadowy altar of Dithmenos.
  6301 | D:7      | Found Tutoym's Distillery.
  6354 | D:7      | Found a sand-covered staircase.
  6359 | Ossuary  | Entered an ossuary
  6385 | Ossuary  | Reached ** piety under Makhleb
  6527 | Ossuary  | Gained mutation: You have a pair of large horns on your head. [potion of mutation]
  6527 | Ossuary  | Gained mutation: You are robust. (+10% HP) [potion of mutation]
  6527 | Ossuary  | Gained mutation: You are very robust. (+20% HP) [potion of mutation]
  7565 | D:8      | Noticed a two-headed ogre
  7572 | D:8      | Killed a two-headed ogre
  7572 | D:8      | Reached XP level 10. HP: 68/103 MP: 9/9
  7645 | D:8      | Noticed a two-headed ogre
  7651 | D:8      | Killed a two-headed ogre
  7818 | D:8      | Found an iron altar of Okawaru.
  7821 | D:8      | Found a stormy altar of Qazlal.
  7821 | D:8      | Found an opulent altar of Gozag.
  7821 | D:8      | Found a basalt altar of Yredelemnul.
  7837 | D:8      | Found a glowing golden altar of the Shining One.
  7837 | D:8      | Found a radiant altar of Vehumet.
  8302 | D:9      | Noticed Conn321's ghost (novice OpWz)
  8313 | D:9      | Killed Conn321's ghost
  8313 | D:9      | Reached skill level 10 in Maces & Flails
  8314 | D:9      | Reached *** piety under Makhleb
  8439 | D:9      | Got a brightly glowing chain mail
  8450 | D:9      | Identified the +1 chain mail of the Manifold Stories {Int+6} (You found it on level 9 of the Dungeon)
  8990 | D:9      | Noticed a two-headed ogre
  8991 | D:9      | Noticed a two-headed ogre
  8998 | D:9      | Killed a two-headed ogre
  9005 | D:9      | Killed a two-headed ogre
  9005 | D:9      | Reached XP level 11. HP: 112/112 MP: 10/10
  9075 | D:9      | Reached skill level 10 in Shields
  9171 | D:10     | Entered Level 10 of the Dungeon
  9457 | D:10     | Noticed crossborder's ghost (journeyman GrBe)
  9471 | D:10     | Killed crossborder's ghost
 10028 | D:10     | Found Emacut Bycu's Weapon Shoppe.
 10058 | D:10     | Reached **** piety under Makhleb
 10108 | D:10     | Found a staircase to the Orcish Mines.
 10500 | D:11     | Found a sparkling altar of Nemelex Xobeh.
 10550 | D:11     | Found a labyrinth entrance.
 10681 | D:11     | Found Tiowiz's Jewellery Shop.
 10810 | D:11     | Reached ***** piety under Makhleb
 10819 | D:11     | Found a staircase to the Lair.
 10950 | D:11     | Noticed a centaur warrior
 10957 | D:11     | Killed a centaur warrior
 11031 | D:11     | Noticed a two-headed ogre
 11039 | D:11     | Killed a two-headed ogre
 11205 | D:11     | Reached XP level 12. HP: 124/124 MP: 11/11
 11440 | D:11     | Bought an uncursed ring of poison resistance for 220 gold pieces
 11478 | Lair:1   | Entered Level 1 of the Lair of Beasts
 11541 | Lair:1   | Noticed a seven-headed hydra
 11552 | Lair:1   | Killed a seven-headed hydra
 11552 | Lair:1   | Reached skill level 10 in Armour
 11809 | Lair:1   | Reached skill level 5 in Dodging
 11895 | Lair:1   | Noticed a four-headed hydra
 11902 | Lair:1   | Killed a four-headed hydra
 11991 | Lair:1   | Reached skill level 10 in Fighting
 12493 | Lair:2   | Found a staircase to the Snake Pit.
 13128 | Lair:3   | Noticed a four-headed hydra
 13135 | Lair:3   | Killed a four-headed hydra
 13330 | Lair:3   | Noticed an eight-headed hydra
 13336 | Lair:3   | Killed an eight-headed hydra
 13423 | Lair:3   | Reached XP level 13. HP: 125/139 MP: 12/12
 13425 | Lair:3   | Reached skill level 15 in Maces & Flails
 13710 | Lair:4   | Found a staircase to the Swamp.
 14500 | Lair:4   | Identified a scroll of acquirement
 14503 | Lair:4   | Got a wavering lead amulet
 14581 | Lair:4   | Identified the amulet of the Swan {Gourm MP-9 Int+7 Dex+6} (You acquired it on level 4 of the Lair of Beasts)
 14893 | Lair:5   | Noticed Snorg
 14903 | Lair:5   | Killed Snorg
 14950 | Lair:5   | Noticed Urug
 14958 | Lair:5   | Killed Urug
 15477 | Lair:6   | Entered Level 6 of the Lair of Beasts
 15532 | Lair:6   | Noticed Nessos
 15554 | Lair:6   | Killed Nessos
 15587 | Lair:6   | Reached ****** piety under Makhleb
 15948 | Lair:6   | Reached XP level 14. HP: 38/152 MP: 13/13
 15952 | Lair:6   | HP: 3/152 [death yak (16)]
 15969 | Lair:6   | HP: 2/152 [death yak (19)]
 16628 | Lair:6   | Got a brightly glowing marble ring
 16798 | Lair:6   | Found a viscous altar of Jiyva.
 16798 | Lair:6   | Found a staircase to the Slime Pits.
 17527 | D:12     | Reached skill level 15 in Shields
 17989 | D:13     | Found Deojytz's Jewellery Boutique.
 17999 | D:13     | Found a gate to the Vaults.
 18060 | D:13     | Identified the ring of Yschoozoa {Str+4 Int+3 Stlth-} (You found it on level 6 of the Lair of Beasts)
 18132 | D:13     | Found Sawnaix's Demolitions Depot.
 18144 | D:13     | Noticed Sonja
 18161 | D:13     | Killed Sonja
 18183 | D:13     | Noticed Erolcha
 18200 | D:13     | Killed Erolcha
 18204 | D:13     | Reached XP level 15. HP: 67/165 MP: 14/14
 18501 | D:13     | Found Jutteot's Antique Weapon Shop.
 18529 | D:13     | Found Xoraruci's Book Emporium.
 18569 | D:13     | Found Buba's Distillery.
 18572 | D:13     | Bought a potion of heal wounds for 85 gold pieces
 18572 | D:13     | Bought 2 potions of heal wounds for 170 gold pieces
 18937 | D:13     | Found Homoycug's Magic Scroll Shop.
 18945 | D:13     | Bought a scroll of enchant armour for 112 gold pieces
 18945 | D:13     | Bought a scroll of identify for 30 gold pieces
 18945 | D:13     | Bought a scroll of identify for 30 gold pieces
 19160 | Snake:1  | Entered Level 1 of the Snake Pit
 19971 | Snake:2  | Noticed a nagaraja
 19979 | Snake:2  | Killed a nagaraja
 20577 | Snake:2  | Reached skill level 15 in Fighting
 22403 | Snake:3  | Reached XP level 16. HP: 166/180 MP: 15/15
 22812 | Snake:4  | Entered Level 4 of the Snake Pit
 22904 | Snake:4  | Noticed Deemzul's ghost (adept OpFi)
 22950 | Snake:4  | Killed Deemzul's ghost
 23810 | Snake:4  | Paralysed by a salamander for 5 turns
 24519 | Snake:4  | Reached skill level 1 in Invocations
 25159 | Snake:4  | Reached XP level 17. HP: 192/192 MP: 16/16
 25602 | Snake:4  | Got a serpentine rune of Zot
 26120 | Swamp:1  | Entered Level 1 of the Swamp
 28554 | Swamp:3  | Noticed Donald
 28580 | Swamp:3  | HP: 9/195 [five-headed hydra (4)]
 28597 | Swamp:3  | HP: 3/195 [shambling mangrove (12)]
 28598 | Swamp:3  | Mangled by a green death

Vault maps used:
D:1:      sevenhm_arrival_forest_fort_small_3, nicolae_ashenzari_panopticon
D:2:      dk_yredelemnul_ordeal, uniq_crazy_yiuf_cottage
D:3:      serial_glass, glass_columns_a, glass_columns_b, glass_columns_b,
          due_unseen_surprise, item_on_display_a, item_on_display_a,
          item_on_display_a, item_on_display_a, uniq_grinder
D:4:      eat_drink_and_be_merry_uskayaw, minmay_temple_entry_junction_2
D:5:      first_bread, serial_shops, shop, uniq_pikel
D:6:      minitemple
D:7:      nicolae_ossuary_entry_false_entrances, serial_shops,
          nicolae_shop_waterfront
D:8:      minmay_overflow_temple_hex
D:10:     minmay_orc_entry_guard_dogs, serial_shops, shop
D:11:     lair_entry_dummy, serial_shops, nicolae_shop_trees, basic_altar,
          lab_entry_generic, david_nohive_1
D:12:     lemuel_ogre_cave, pond
D:13:     erik_vaults_2, serial_shops, shop, shop, shop,
          nicolae_shop_behind_doors, shop_fountains, nicolae_blasting_shop,
          uniq_erolcha, uniq_sonja
Temple:   dshaligram_water_room_temple
Lair:1:   kb_forest_paths, st_stairs_12, beast_lair_carwin_11
Lair:2:   dummy_snake_entry, infiniplex_staircase_pool, serial_bayou_shore_b
Lair:3:   small_statue_intersection, infiniplex_staircase_pool_2
Lair:4:   minmay_swamp_entry_wisps
Lair:5:   uniq_snorg, uniq_urug
Lair:6:   minmay_lair_end_enchanted_forest, dpeg_slime_entry_enclosed_altar,
          uniq_nessos
Swamp:1:  evilmike_swamp_ruin_rubble_1
Swamp:2:  nicolae_swamp_treefoil
Swamp:3:  basic_altar, uniq_donald
Snake:2:  grunt_megastairs_4
Snake:3:  hangedman_cross_veins, portal_ice_cave_entry_dragon
Snake:4:  snake_pit_salamanders_mu, serial_bayou_pond_a
Ossuary:  ossuary_tomb_3

Skill      XL: |  1  2  3  4  5  6  7  8  9 10 11 12 13 14 15 16 17 |
---------------+----------------------------------------------------+-----
Shields        | 4 5 6 7 9 11 12 13 15 16 18 19 | 19.0
Fighting       | 4 5 6 7 8 9 11 12 14 15 16 17 | 17.7
Long Blades    | 3 4 5 6 7 |  7.9
Armour         | 4 5 6 7 8 9 10 11 12 13 14 | 14.1
Maces & Flails | 1 2 8 10 13 14 15 16 17 18 19 | 19.3
Dodging        | 1 2 3 4 5 6 7 8 9 |  9.8
Stealth        | 1 2 3 |  3.3
Invocations    | 1 |  1.0
Evocations     | |  0.3

Action                   |  1- 3 |  4- 6 |  7- 9 | 10-12 | 13-15 | 16-18 || total
-------------------------+-------+-------+-------+-------+-------+-------++-------
Melee: Long sword        |    49 |   107 |    97 |       |       |       ||   253
       Headbutt          |    11 |    17 |    70 |   143 |   334 |   287 ||   862
       Mace              |     8 |       |       |       |       |       ||     8
       Flail             |       |       |   163 |   608 |  1125 |   898 ||  2794
Invok: Lesser Servant of |       |       |       |       |     2 |     1 ||     3
       Greater Servant o |       |       |       |       |       |     1 ||     1
Evoke: Wand              |       |       |       |     2 |     2 |       ||     4
  Use: Potion            |       |     4 |     2 |       |    12 |     9 ||    27
       Scroll            |       |     3 |     6 |    15 |    17 |    10 ||    51
 Stab: Distracted        |       |       |       |     1 |       |     3 ||     4
       Confused          |       |       |       |       |       |     3 ||     3
  Eat: Bread ration      |       |     1 |     1 |       |     5 |     1 ||     8
       Chunk             |       |     2 |     5 |       |       |     1 ||     8
       Meat ration       |       |       |     1 |     4 |     1 |     2 ||     8
       Fruit             |       |       |       |     6 |     1 |       ||     7
       Royal jelly       |       |       |       |     1 |       |     2 ||     3
Armor: Scale mail        |    21 |    18 |    19 |   165 |   174 |       ||   397
       Chain mail        |       |       |    49 |       |    75 |     6 ||   130
       Ice dragon scales |       |       |       |       |       |   145 ||   145
       Swamp dragon scal |       |       |       |       |       |    46 ||    46
Dodge: Dodged            |    15 |    26 |    56 |   187 |   448 |   402 ||  1134
Block: Shield            |    26 |    48 |   144 |   438 |   913 |   852 ||  2421
       Reflection        |       |       |     8 |     6 |    50 |    69 ||   133
       Rpst.: Long sword |     1 |     7 |     8 |       |       |       ||    16
